 Dungeon Crawl Stone Soup version 0.27-a0-808-g60bc5d92e6 (webtiles) character file.

Game seed: 16149906427895208941

1871 rednaxela the Carver (level 8, -1/93 HPs)
             Began as a Vampire Necromancer on Mar 28, 2021.
             Was a Follower of Uskayaw.
             Slain by an ufetubus (2 damage)
             ... summoned by a ynoxinul
             ... on level 3 of the Abyss.
             The game lasted 00:24:23 (8108 turns).

rednaxela the Carver (Vampire Necromancer)          Turns: 8108, Time: 00:24:24

Health: -1/93      AC:  9    Str:  6 (9)  XL:     8   Next: 90%
Magic:  11/11      EV:  8    Int: 17 (18) God:    Uskayaw [*.....]
Gold:   327        SH:  6    Dex: 17 (20) Spells: 7/11 levels left

rFire    . . .     SeeInvis +   b - +3 long sword (flame)
rCold    . . .     Faith    .   g - +0 kite shield
rNeg     . . .     Spirit   .   o - +0 acid dragon scales
rPois    .         Reflect  .   p - +1 hat
rElec    .         Harm     .   s - +1 cloak
rCorr    +         Rampage  .   (no gloves)
Will     +....                  (no boots)
Stlth    ..........             (no amulet)
HPRegen  0.45/turn              r - +6 ring of dexterity
MPRegen  0.12/turn              i - ring of willpower

@: berserking, regenerating quickly, hasted, very quick
A: alive, fangs 3, see invisible, unbreathing 1, vampiric 2
a: Exsanguinate, Renounce Religion, Stomp


You were on level 3 of the Abyss.
You worshipped Uskayaw.
Uskayaw was noncommittal.
You visited 1 branch of the dungeon, and saw 8 of its levels.
You visited the Abyss 1 time.

You collected 327 gold pieces.

Inventory:

Hand Weapons
 a - a +0 dagger of venom
   (You took it off a goblin on level 1 of the Dungeon)
 b - a +3 long sword of flaming (weapon)
   (You found it on level 4 of the Dungeon)
 e - a +0 whip
   (You took it off a kobold on level 4 of the Dungeon)
 x - a +0 scimitar of freezing
   (You found it on level 3 of the Abyss)
Missiles
 d - 32 poisoned darts (quivered)
Armour
 g - a +0 kite shield (worn)
   (You took it off a gnoll sergeant on level 7 of the Dungeon)
 k - a +0 scale mail
   (You found it on level 2 of the Dungeon)
 o - +0 acid dragon scales (worn)
   (You took it off Maggie on level 7 of the Dungeon)
 p - a +1 hat (worn)
   (You found it on level 2 of the Dungeon)
 s - a +1 cloak (worn)
   (You found it on level 3 of the Dungeon)
Jewellery
 i - a ring of willpower (right hand)
   (You found it on level 1 of the Dungeon)
 l - a ring of resist corrosion
   (You found it on level 2 of the Dungeon)
 r - a +6 ring of dexterity (left hand)
   (You found it on level 8 of the Dungeon)
Wands
 h - a wand of random effects (13)
   (You found it on level 2 of the Abyss)
Scrolls
 f - a scroll of acquirement {unknown}
 v - 2 scrolls of noise
 w - a scroll of torment {unknown}
 y - 2 scrolls of immolation
Potions
 c - a potion of heal wounds {@q2 !q}
 q - a potion of resistance {unknown}
 u - 2 potions of curing {@q1 !q}
 z - a potion of flight {unknown}


   Skills:
 - Level 5.1 Fighting
 + Level 9.4 Long Blades
 - Level 2.7 Dodging
 - Level 3.9 Stealth
 - Level 2.3 Spellcasting
 - Level 4.7 Necromancy


You had 7 spell levels left.
You knew the following spells:

 Your Spells              Type           Power      Damage    Failure   Level
a - Pain                  Necr           72%        1d7       36%         1
b - Confusing Touch       Hex            2%         N/A       100%        3

Your spell library contained the following spells:

 Spells                   Type           Power      Damage    Failure   Level
 Animate Skeleton         Necr           36%        N/A       36%         1
 Vampiric Draining        Necr           9%         2d7       75%         3
 Beastly Appendage        Tmut           4%         N/A       95%         1
 Animate Dead             Necr           9%         N/A       98%         4
 Wereblood                Tmut           2%         N/A       99%         2
 Gell's Gravitas          Tloc           1%         N/A       100%        3
 Spider Form              Tmut/Pois      1%         N/A       100%        3
 Ice Form                 Ice/Tmut       2%         N/A       100%        4
 Petrify                  Tmut/Erth      2%         N/A       100%        4
 Agony                    Necr           18%        N/A       100%        5
 Blade Hands              Tmut           1%         N/A       100%        5
 Metabolic Englaciation   Hex/Ice        1%         N/A       100%        5
 Yara's Violent Unravell  Hex/Tmut       1%         3d3       100%        5


Dungeon Overview and Level Annotations

Branches:
Dungeon (8/15)             Temple (0/1) D:5
   Lair: D:8-11

Altars:
Elyvilon
Kikubaaqudgha
Okawaru
Uskayaw
Vehumet
Yredelemnul
The Shining One

Shops:
D:7 !

Annotations:
D:2 exclusion: jelly
D:7 Psyche


Innate Abilities, Weirdness & Mutations

Your natural rate of healing is unusually fast.
You have razor-sharp teeth.
You have supernaturally acute eyesight. (SInv)
You can survive without breathing.
You are afflicted with vampirism and can become a bat while bloodless.


Message History

The ufetubus hits you but does no damage.
You miss the ufetubus.
You feel less invigorated.
You feel less confused. You block the ufetubus's attack.
The ufetubus closely misses you.
You hit the ufetubus but do no damage. The ufetubus closely misses you. x2
The ufetubus barely misses you. x4
You hit the ufetubus.
The ufetubus is poisoned.
Your bite misses the ufetubus.
The ufetubus is lightly wounded.
The ufetubus hits you.
The ufetubus hits you but does no damage.
You barely miss the ufetubus. Your bite misses the ufetubus.
The ufetubus is severely wounded.
The ufetubus barely misses you. The ufetubus completely misses you.
You block the ufetubus's attack. The ufetubus closely misses you.
You hit the ufetubus.
The ufetubus looks as sick as possible!
The ufetubus is almost dead.
You kill the ufetubus!
The ufetubus hits you but does no damage.
The ufetubus closely misses you. The thrashing horror tramples you.
You hold your ground!
The thrashing horror tramples you but does no damage.
You hit the thrashing horror but do no damage.
You block the thrashing horror's attack.
The thrashing horror closely misses you.
The ufetubus closely misses you. You block the ufetubus's attack.
You block the thrashing horror's attack.
The thrashing horror tramples you but does no damage.
You closely miss the thrashing horror.
The ufetubus hits you but does no damage.
You block the ufetubus's attack. The ufetubus hits you.
The ufetubus hits you but does no damage.
You hit the thrashing horror but do no damage.
The thrashing horror tramples you!
You hold your ground!
The thrashing horror tramples you but does no damage.
The ufetubus barely misses you. You block the ufetubus's attack.
You hit the thrashing horror but do no damage.
The thrashing horror tramples you but does no damage.
The thrashing horror closely misses you.
You block the thrashing horror's attack. x2
The ufetubus hits you but does no damage. x2
Your +0 dagger of venom stops dripping with poison.
Your +3 long sword of flaming bursts into flame!
b - a +3 long sword of flaming (weapon)
You barely miss the thrashing horror.
You block the thrashing horror's attack.
The thrashing horror tramples you but does no damage.
The ufetubus hits you but does no damage. x2
You slash the thrashing horror! You burn the thrashing horror.
You bite the thrashing horror, but do no damage.
The thrashing horror is lightly damaged.
You block the thrashing horror's attack.
The thrashing horror tramples you but does no damage.
The ufetubus hits you but does no damage.
The ufetubus hits you. x2; The ufetubus barely misses you.
You barely miss the thrashing horror.
The thrashing horror is lightly damaged.
The thrashing horror tramples you!
* * * LOW HITPOINT WARNING * * *
You hold your ground!
The thrashing horror tramples you but does no damage.
You block the ufetubus's attack. The ufetubus closely misses you.
You closely miss the thrashing horror. Your bite misses the thrashing horror.
The thrashing horror is lightly damaged.
The thrashing horror tramples you.
* * * LOW HITPOINT WARNING * * *
You hold your ground!
You block the thrashing horror's attack.
The ufetubus hits you but does no damage.
The ufetubus hits you.
* * * LOW HITPOINT WARNING * * *
You hit the thrashing horror.
The thrashing horror is lightly damaged.
The thrashing horror tramples you!
* * * LOW HITPOINT WARNING * * *
You hold your ground!
The thrashing horror tramples you but does no damage.
The ufetubus hits you but does no damage.
The ufetubus barely misses you.
Okay, then.
It was a potion of berserk rage.
A red film seems to cover your vision as you go berserk!
You feel yourself moving faster!
You feel mighty! The thrashing horror tramples you!
* * * LOW HITPOINT WARNING * * *
You hold your ground!
You block the thrashing horror's attack.
The ufetubus hits you but does no damage. x2
You completely miss the thrashing horror.
The thrashing horror is lightly damaged.
The thrashing horror tramples you!
* * * LOW HITPOINT WARNING * * *
You hold your ground!
The thrashing horror tramples you.
* * * LOW HITPOINT WARNING * * *
You hold your ground!
The ufetubus hits you but does no damage. x2
You block the thrashing horror's attack.
The thrashing horror tramples you but does no damage.
The ufetubus hits you.
You die... ##. .. . .. ..# . ... ..##. . .. . .
X x35

.. .#
...#..5#.
5....# #.X
. ..#. .#
##. #x#
..# 5#
#.....##.
#.5# . ..
. .#5### .
. ##.
..####xX@#
. ...##.
###5## #
#.#.# # #
### .. .#
#. # #..#
# . .. #.
. .##


You could see a thrashing horror, a small abomination and 3 ufetubi.

Vanquished Creatures
  Maggie (D:7)
  Sigmund (D:2)
  A water moccasin (D:6)
  A sky beast (D:2)
  A necrophage (D:6)
  An ogre (D:6)
  A phantom (D:6)
  2 bullfrogs
  A gnoll sergeant (D:7)
  A water moccasin zombie (D:6)
  2 scorpions
  3 howler monkeys
  3 hounds (D:6)
  3 jellies
  An orc priest (D:6)
  A centaur skeleton (D:7)
  An iguana (D:7)
  12 gnolls
  6 adders
  2 shadow imps (D:6)
  2 adder skeletons (D:4)
  4 worms
  2 dart slugs
  6 orcs
  5 endoplasms
  4 giant cockroaches
  7 goblins
  2 hobgoblins (D:4)
  6 jackals
  5 kobolds
  A quokka (D:1)
  8 ball pythons
  2 bats
  A frilled lizard (D:1)
  3 rats (D:1)
103 creatures vanquished.

Vanquished Creatures (others)
  6 starspawn tentacles (Abyss:2)
6 creatures vanquished.

Grand Total: 109 creatures vanquished

Notes
Turn   | Place    | Note
-------+----------+-------------------------------------------
     0 | D:1      | rednaxela the Vampire Necromancer began the quest for the
                  | Orb.
     0 | D:1      | Reached XP level 1. HP: 13/13 MP: 3/3
   223 | D:1      | Reached XP level 2. HP: 12/19 MP: 1/5
   601 | D:1      | Gained mutation: You are afflicted with vampirism and can
                  | become a bat while bloodless. [Vampire growth]
   601 | D:1      | Reached XP level 3. HP: 24/24 MP: 6/6
  1026 | D:2      | Noticed a sky beast
  1106 | D:2      | Killed a sky beast
  1107 | D:2      | Reached skill level 3 in Fighting
  1107 | D:2      | Reached XP level 4. HP: 35/35 MP: 7/7
  1218 | D:2      | Noticed Sigmund
  1249 | D:2      | Reached XP level 5. HP: 41/41 MP: 8/8
  1304 | D:2      | Killed Sigmund
  1305 | D:2      | Reached skill level 4 in Fighting
  1305 | D:2      | Reached XP level 6. HP: 23/49 MP: 6/9
  1943 | D:3      | Found a radiant altar of Vehumet.
  1943 | D:3      | Found a basalt altar of Yredelemnul.
  1943 | D:3      | Found an ancient bone altar of Kikubaaqudgha.
  1943 | D:3      | Found an iron altar of Okawaru.
  1950 | D:3      | Found a hide-covered altar of Uskayaw.
  1971 | D:3      | Became a worshipper of Uskayaw the Reveller
  2140 | D:3      | Reached * piety under Uskayaw
  2643 | D:3      | Reached ** piety under Uskayaw
  2646 | D:3      | Reached skill level 5 in Fighting
  3090 | D:4      | Learned a level 3 spell: Confusing Touch
  3161 | D:3      | Reached skill level 1 in Long Blades
  3511 | D:5      | Entered Level 5 of the Dungeon
  3604 | D:5      | Reached skill level 2 in Long Blades
  3615 | D:5      | Found a staircase to the Ecumenical Temple.
  3811 | D:4      | Reached XP level 7. HP: 56/56 MP: 10/10
  3914 | D:5      | Reached skill level 3 in Long Blades
  4086 | D:6      | Reached skill level 4 in Long Blades
  4396 | D:6      | Reached *** piety under Uskayaw
  4398 | D:6      | Reached skill level 5 in Long Blades
  4466 | D:6      | Reached skill level 6 in Long Blades
  4619 | D:6      | Reached XP level 8. HP: 61/62 MP: 11/11
  5053 | D:7      | Reached skill level 7 in Long Blades
  5136 | D:7      | Found a hide-covered altar of Uskayaw.
  5213 | D:7      | Noticed Maggie
  5471 | D:7      | Killed Maggie
  5472 | D:7      | Reached skill level 8 in Long Blades
  5575 | D:7      | You fall into a shaft and drop 1 floor!
  5714 | D:7      | Found Fydeydghe's Distillery.
  5904 | D:7      | Reached skill level 9 in Long Blades
  5927 | D:7      | Identified the +4 hand axe "Pishrae" {vorpal, +Inv rElec
                  | Dex-5}
  6666 | D:7      | Found Fydeydghe's Distillery.
  6861 | D:7      | Found a hide-covered altar of Uskayaw.
  7753 | D:8      | Noticed Psyche
  7772 | D:7      | Cast into level 2 of the Abyss (Psyche)
  7772 | Abyss:2  | Found a corrupted altar of Lugonu.
  7816 | Abyss:2  | Noticed a tentacled starspawn
  7890 | Abyss:2  | Noticed a worldbinder
  7901 | Abyss:2  | Noticed a demonic crawler
  7909 | Abyss:2  | Noticed a kobold demonologist
  7917 | Abyss:2  | Noticed a troll
  7940 | Abyss:3  | Noticed an apocalypse crab
  7954 | Abyss:3  | Noticed a large abomination
  7957 | Abyss:3  | Noticed an Executioner
  7989 | Abyss:3  | Noticed a lich
  8003 | Abyss:3  | Noticed a starcursed mass
  8029 | Abyss:3  | Noticed an apocalypse crab
  8035 | Abyss:3  | Noticed a raiju
  8051 | Abyss:3  | Noticed a large abomination
  8052 | Abyss:3  | Noticed a thrashing horror
  8108 | Abyss:3  | HP: 1/93 [thrashing horror (5)]
  8108 | Abyss:3  | Slain by an ufetubus

Illustrated notes

Levels and vault maps discovered:
D:1:      dpeg_arrival_tiny_g, layout_basic
D:2:      layout_basic, uniq_sigmund
D:3:      layout_loops_ring, minitemple, elyvilon_altar_5
D:4:      layout_cave_pools
D:5:      layout_cave_pools, minmay_temple_entry_sparse_star
D:6:      layout_loops_cross, minmay_bent
D:7:      layout_layer_cave, serial_shops, shop, basic_altar, uniq_maggie
D:8:      wad_arrow_thing, layout_basic, slow_altar_1, basic_altar,
          serial_shops, nicolae_shop_stone, uniq_harold, uniq_psyche
Abyss:3:  base: D:3, gammafunk_corrupted_shrine, nicolae_abyss_rune_star_stuff,
          hangedman_abyss_mock_shop, due_evilmike_abyss_rune_seething_liches,
          hangedman_abyss_mock_shop, hangedman_abyss_monster_moat,
          dshaligram_kb_abyss_rune_zappy_water_cross, evilmike_abyss_exit_5

Skill      XL: |  1  2  3  4  5  6  7  8 |
---------------+-------------------------+-----
Fighting       | 3 4 5 |  5.1
Long Blades    | 2 6 9 |  9.4
Dodging        | |  2.7
Stealth        | |  3.9
Spellcasting   | |  2.3
Necromancy     | |  4.7

Action                   |  1- 3 |  4- 6 |  7- 9 || total
-------------------------+-------+-------+-------++-------
Melee: Dagger            |    55 |   108 |    72 ||   235
       Bite              |     6 |    10 |    19 ||    35
       Long sword        |       |    12 |    92 ||   104
Throw: Dart              |       |       |    11 ||    11
 Cast: Pain              |    27 |     9 |       ||    36
Evoke: Wand              |       |       |     6 ||     6
  Use: Scroll            |       |    10 |     7 ||    17
       Potion            |       |       |     6 ||     6
 Stab: Sleeping          |     3 |     7 |     1 ||    11
       Distracted        |       |     1 |     1 ||     2
       Paralysed         |       |       |     1 ||     1
Armor: Robe              |     9 |       |       ||     9
       Leather armour    |       |    25 |       ||    25
       Ring mail         |       |    10 |    40 ||    50
       Acid dragon scale |       |       |    45 ||    45
       Skin              |       |       |     3 ||     3
Dodge: Dodged            |    31 |    76 |   111 ||   218
Block: Kite shield       |       |       |    25 ||    25
       Rpst.: Long sword |       |     2 |    10 ||    12

Table legend: (Time is in decaauts)
 A = Elapsed time spent in this place.
 B = Non-inter-level travel time spent in this place.
 C = Inter-level travel time spent in this place.
 D = Time resting spent in this place.
 E = Time spent auto-exploring this place.
 F = Levels seen in this place.
 G = Mean time per level.
                   A        B        C        D        E       F      G
               +--------+--------+--------+--------+--------+-----+--------+
         Total |   8074 |   7737 |    337 |    636 |   5031 |  10 |  807.4 |
       Dungeon |   7775 |   7438 |    337 |    636 |   5006 |   8 |  971.9 |
         Abyss |    299 |    299 |      0 |      0 |     25 |   2 |  149.5 |
               +--------+--------+--------+--------+--------+-----+--------+

Top non-repeatable levels by time:
     D:7: 2723 daAuts
     D:2: 1041 daAuts
     D:3: 966 daAuts
     D:1: 890 daAuts
     D:6: 888 daAuts
     D:4: 843 daAuts
     D:5: 384 daAuts
 Abyss:2: 150 daAuts
 Abyss:3: 148 daAuts
     D:8: 37 daAuts
